 Dungeon Crawl Stone Soup version 0.21-a0-329-g12f17e1 (webtiles) character file.

28 namelastname112 the Sneak (level 3, -4/15 HPs)
             Began as a Felid Wanderer on Oct 1, 2017.
             Slain by Natasha (9 damage)
             ... on level 2 of the Dungeon.
             The game lasted 00:01:00 (1307 turns).

namelastname112 the Sneak (Felid Wanderer)          Turns: 1307, Time: 00:01:01

Health: -4/15      AC:  1    Str:  9    XL:     3   Next: 0%
Magic:  5/5        EV: 16    Int: 13    God:
Gold:   102        SH:  0    Dex: 15    Spells: 4/4 levels left
                                        Lives:  0   Deaths: 0

rFire    . . .     SeeInvis +     - Unarmed
rCold    . . .     Gourm    .   (shield unavailable)
rNeg     . . .     Faith    .   (armour unavailable)
rPois    .         Spirit   .   (helmet unavailable)
rElec    .         Reflect  .   (cloak unavailable)
rCorr    .         Harm     .   (gloves unavailable)
MR       .....                  (boots unavailable)
Stlth    +++.......             (no amulet)
HPRegen  0.05/turn              (no ring)
MPRegen  0.09/turn              (no ring)

@: quick
A: no armour, no weapons or thrown items, stealth, claws 1, fangs 3, see
invisible, carnivore 3, speed 1, shaggy fur 1, slow metabolism 1, sharp paws
a: no special abilities


You were on level 2 of the Dungeon.
You were full.

You visited 1 branch of the dungeon, and saw 2 of its levels.

You collected 102 gold pieces.

Inventory:

Scrolls
 c - 3 scrolls of teleportation
 g - 3 scrolls of identify {unknown}
 j - a scroll of recharging {unknown}
 m - a scroll of immolation {unknown}
 n - a scroll of enchant weapon {unknown}
Potions
 a - a potion of haste
 b - a potion of lignification
 e - 3 potions of curing {unknown}
 f - a potion of degeneration {unknown}
 i - 2 potions of resistance {unknown}
 k - a potion of berserk rage {unknown}
 l - a potion of ambrosia {unknown}
Comestibles
 d - 3 meat rations
 h - a royal jelly


   Skills:
 + Level 1.5 Fighting
 + Level 1.3 Dodging
 + Level 3.2 Stealth
 * Level 2.0 Unarmed Combat
 - Level 1.0 Spellcasting
   Level 1.2 Charms
   Level 3.0 Necromancy
   Level 1.1 Evocations


You had 4 spell levels left.
You didn't know any spells.

Dungeon Overview and Level Annotations

Branches:
Dungeon (2/15)

Altars:

Annotations:
D:2 Natasha


Innate Abilities, Weirdness & Mutations

You cannot wear armour.
You are incapable of wielding weapons or throwing items.
Your paws allow you to move quietly. (Stealth)
You have sharp claws.
You have razor-sharp teeth.
You have supernaturally acute eyesight. (SInv)
You are carnivorous and can eat meat at any time.
You cover ground quickly.
You are covered in fur. (AC +1)
You have a slow metabolism.
Your sharp claws are effective at attacking unaware monsters.


Message History

Natasha is nearby!
Natasha is nearby!
A kobold comes into view. It is wielding a dagger.
Found 4 gold pieces and a scroll of teleportation.
The helpless Natasha fails to defend herself.
You claw Natasha!
Natasha is heavily wounded.
Natasha hisses.
Natasha stares at you and mumbles some strange words.
The magic dart hits you!
Ouch! That really hurt!
You take 10 damage, and have 5/15 hp.
MASSIVE DAMAGE!!
You are too injured to fight recklessly!
You are too injured to fight recklessly!
You are too injured to fight recklessly!
You closely miss Natasha.
Natasha is heavily wounded.
Natasha claws you!
Ouch! That really hurt!
You die...

##. #.#
#####.####
# #+# #.#
#.# #.##
#..##
####...##
+.......#
##.....##
#.>@..#
#..h...#
#K.....#
#.?$...#
######.#
.# .#


You could see Natasha and a kobold (sleeping).

Vanquished Creatures
  4 dart slugs
  2 giant cockroaches (D:1)
  2 goblins (D:1)
  3 hobgoblins
  3 jackals (D:1)
  A bat (D:1)
  2 kobolds (D:1)
  A rat (D:1)
18 creatures vanquished.

Notes
Turn   | Place    | Note
-------+----------+-------------------------------------------
     0 | D:1      | namelastname112 the Felid Wanderer began the quest for the Orb.
     0 | D:1      | namelastname112 set off with: a potion of haste, a potion of lignification, a scroll of teleportation, a meat ration
     0 | D:1      | Reached XP level 1. HP: 9/9 MP: 3/3
   403 | D:1      | Reached XP level 2. HP: 8/12 MP: 4/4
   672 | D:1      | Reached skill level 1 in Dodging
  1165 | D:2      | Reached XP level 3. HP: 15/15 MP: 5/5
  1299 | D:2      | Noticed Natasha
  1307 | D:2      | Slain by Natasha

Vault maps used:
D:1:      dpeg_arrival_stonehenge_8_columns
D:2:      uniq_natasha

Skill      XL: |  1  2 |
---------------+-------+-----
Stealth        | 3 |  3.2
Dodging        | 1 |  1.3
Unarmed Combat | 2 |  2.0
Fighting       | |  1.5
Spellcasting   | |  1.0
Charms         | |  1.2
Necromancy     | |  3.0
Evocations     | |  1.1

Action                   || total
-------------------------++-------
Melee: Unarmed           ||    45
       Bite              ||     3
       Punch             ||     1
 Stab: Sleeping          ||     8
  Eat: Chunk             ||     4
Armor: Skin              ||     3
Dodge: Dodged            ||    18

Table legend:
 A = Spawn XP
 B = Non-spawn XP
 C = Spawn XP percentage of total XP
 D = Spawn monster count
 E = Non-spawn monster count
 F = Spawn count percentage of total count
 G = Total turns spent on level
                    A         B        C        D         E        F      G
               +---------+---------+-------+---------+---------+-------+---------
         Total |       0 |      41 |   0.0 |       0 |      18 |   0.0 |  1307
               +---------+---------+-------+---------+---------+-------+---------
           D:1 |       0 |      31 |   0.0 |       0 |      15 |   0.0 |  1028
           D:2 |       0 |      10 |   0.0 |       0 |       3 |   0.0 |   279
               +---------+---------+-------+---------+---------+-------+---------
